 Dungeon Sprint DCSS version 0.23.2-33-g5129a83184 (webtiles) character file.

Game seed: 91587895857630850

2846 senseless the Blocker (level 9, -1/92 HPs)
             Began as a Minotaur Fighter on July 16, 2019.
             Was the Champion of Cheibriados.
             Slain by an orc warlord
             ... wielding a +0 dire flail
              (15 damage)
             ... in the Dungeon (Sprint VII: "The Pits").
             The game lasted 00:05:46 (857 turns).

senseless the Blocker (Minotaur Fighter)             Turns: 857, Time: 00:05:47

Health: -1/92      AC: 21    Str: 40    XL:     9   Next: 46%
Magic:  3/8        EV: 18    Int: 23    God:    Cheibriados [******]
Gold:   0          SH: 16    Dex: 27    Spells: 8/8 levels left

rFire    . . .     SeeInvis .   s - +2 long sword (holy)
rCold    . . .     Gourm    .   c - +0 shield
rNeg     . . .     Faith    .   y - +4 chain mail
rPois    .         Spirit   .   (helmet restricted)
rElec    .         Reflect  .   w - +0 cloak
rCorr    .         Harm     .   x - +0 pair of gloves
MR       .....     NoTele   +   v - +0 pair of boots
Stlth    ..........             (no amulet)
HPRegen  0.25/turn              A - +3 ring of intelligence
MPRegen  0.11/turn              B - +3 ring of strength

@: very slow
A: retaliatory headbutt, horns 2
a: Bend Time, Temporal Distortion, Slouch, Step From Time, Renounce Religion


You were in the Dungeon.
You worshipped Cheibriados.
Cheibriados was exalted by your worship.
You were not hungry.

You visited 1 branch

Inventory:

Hand Weapons
 a - a +0 long sword
 l - a +2 falchion
 q - a +4 spear of freezing
 s - a +2 long sword of holy wrath (weapon)
Armour
 b - a +0 scale mail
 c - a +0 shield (worn)
 r - a +3 scale mail
 v - a +0 pair of boots (worn)
 w - a +0 cloak (worn)
 x - a +0 pair of gloves (worn)
 y - a +4 chain mail (worn)
Jewellery
 A - a +3 ring of intelligence (left hand)
 B - a +3 ring of strength (right hand)
Scrolls
 k - a scroll of blinking
 n - 3 scrolls of remove curse
 o - 5 scrolls of amnesia
 p - a scroll of summoning
Potions
 d - 4 potions of might
 e - 6 potions of curing
 g - 12 potions of heal wounds
 h - 2 potions of haste
 i - 4 potions of magic
 j - 3 potions of berserk rage
 m - 2 potions of invisibility
 u - a potion of brilliance {unknown}
 z - a potion of agility
Comestibles
 f - 9 rations


   Skills:
 + Level 12.6 Fighting
 + Level 11.7 Long Blades
 + Level 12.5 Armour
 + Level 9.3 Dodging
 + Level 12.8 Shields


You had 8 spell levels left.
You didn't know any spells.
Your spell library was empty.

Dungeon Overview and Level Annotations

Branches:
Dungeon (1/1)

Altars:
Ashenzari
Cheibriados
Dithmenos
Elyvilon
Fedhas
Gozag
Hepliaklqana
Kikubaaqudgha
Makhleb
Nemelex Xobeh
Okawaru
Qazlal
Ru
Sif Muna
Trog
Uskayaw
Vehumet
Wu Jian
Xom
Yredelemnul
Zin
The Shining One
Beogh
Jiyva
Lugonu

Annotations:
D Nergalle


Innate Abilities, Weirdness & Mutations

You reflexively headbutt those who attack you in melee.
You have a pair of horns on your head.


Message History

You furiously retaliate!
You headbutt the spectral orc knight! You block the naga warrior's attack.
The smoke demon roars!
You hit the orc warlord but do no damage.
You headbutt the orc warlord, but do no damage.
The orc warlord is moderately wounded.
You hear a deafening roar!
You hear an angry buzzing noise.
You block the orc warlord's attack. Nergalle hits you but does no damage.
The spectral orc knight hits you but does no damage.
You hear a roar!
An ice devil comes into view.
You slash the orc warlord!
The orc warlord is heavily wounded.
You hear a shout!
The orc warlord hits you with a +0 dire flail!!
* * * LOW HITPOINT WARNING * * *
You block the naga warrior's attack. Nergalle hits you with a +0 dagger.
* * * LOW HITPOINT WARNING * * *
The orc warlord hits you with a +0 dire flail!
You die...

#################
#................
#.......Z@o......
#..#######o###### #..#
#N# #..# #4# #..# #N#
#..# #p# #..# #N#
#..###############
########.................


You could see an orc warlord, a naga warrior, a death knight, Nergalle, an ice
devil, a spectral orc knight and 2 nagas.

Vanquished Creatures
  An anaconda (D)
  A two-headed ogre (D)
  Grinder (D)
  Prince Ribbit (D)
  A floating eye (D)
  A porcupine (D)
  An ice beast (D)
  A black bear (D)
  2 sky beasts (D)
  An ogre (D)
  4 wolves (D)
  A big kobold (D)
  A gnoll sergeant (D)
  A gnoll shaman (D)
  4 gnolls (D)
  A bat skeleton (D)
  A giant cockroach (D)
  A hobgoblin (D)
  2 jackals (D)
  A quokka (D)
  A bat (D)
  2 frilled lizards (D)
  A kobold (D)
  A rat (D)
33 creatures vanquished.

Notes
Turn   | Place    | Note
-------+----------+-------------------------------------------
     0 | D        | senseless the Minotaur Fighter began the quest for the Orb.
     0 | D        | Reached XP level 1. HP: 19/19 MP: 0/0
    42 | D        | Found a glowing golden altar of the Shining One.
    42 | D        | Found a glowing silver altar of Zin.
    42 | D        | Found a basalt altar of Yredelemnul.
    42 | D        | Found a shimmering altar of Xom.
    42 | D        | Found an ornate altar of the Wu Jian Council.
    42 | D        | Found a bloodstained altar of Trog.
    42 | D        | Found a deep blue altar of Sif Muna.
    42 | D        | Found a sacrificial altar of Ru.
    42 | D        | Found a stormy altar of Qazlal.
    42 | D        | Found an iron altar of Okawaru.
    42 | D        | Found a sparkling altar of Nemelex Xobeh.
    42 | D        | Found a burning altar of Makhleb.
    42 | D        | Found a viscous altar of Jiyva.
    42 | D        | Found a hazy altar of Hepliaklqana.
    42 | D        | Found an opulent altar of Gozag.
    42 | D        | Found a blossoming altar of Fedhas.
    42 | D        | Found a white marble altar of Elyvilon.
    42 | D        | Found a shadowy altar of Dithmenos.
    42 | D        | Found a snail-covered altar of Cheibriados.
    43 | D        | Found a radiant altar of Vehumet.
    43 | D        | Found a corrupted altar of Lugonu.
    43 | D        | Found a roughly hewn altar of Beogh.
    44 | D        | Found an ancient bone altar of Kikubaaqudgha.
    44 | D        | Found a hide-covered altar of Uskayaw.
    44 | D        | Found a shattered altar of Ashenzari.
    50 | D        | Became a worshipper of Cheibriados the Contemplative
    68 | D        | Reached * piety under Cheibriados
    77 | D        | Reached ** piety under Cheibriados
    86 | D        | Noticed a floating eye
    89 | D        | Paralysed by a floating eye for 2 turns
    94 | D        | Killed a floating eye
    94 | D        | Reached *** piety under Cheibriados
    94 | D        | Reached XP level 2. HP: 29/31 MP: 1/1
    94 | D        | Reached XP level 3. HP: 35/38 MP: 2/2
    94 | D        | Reached XP level 4. HP: 42/45 MP: 3/3
    97 | D        | Noticed a sky beast
   103 | D        | Killed a sky beast
   103 | D        | Reached **** piety under Cheibriados
   103 | D        | Reached XP level 5. HP: 27/53 MP: 4/4
   315 | D        | Noticed Prince Ribbit
   316 | D        | Noticed a porcupine
   323 | D        | Reached ***** piety under Cheibriados
   323 | D        | Reached XP level 6. HP: 53/62 MP: 5/5
   328 | D        | Killed a porcupine
   331 | D        | Killed Prince Ribbit
   331 | D        | Reached skill level 10 in Shields
   331 | D        | Reached XP level 7. HP: 14/71 MP: 6/6
   331 | D        | Reached ****** piety under Cheibriados
   335 | D        | Reached skill level 5 in Dodging
   610 | D        | Reached skill level 10 in Fighting
   614 | D        | Reached skill level 10 in Armour
   619 | D        | Noticed Grinder
   622 | D        | Killed Grinder
   622 | D        | Reached XP level 8. HP: 63/81 MP: 7/7
   635 | D        | Noticed a two-headed ogre
   644 | D        | Killed a two-headed ogre
   644 | D        | Reached skill level 10 in Long Blades
   649 | D        | Reached XP level 9. HP: 75/90 MP: 8/8
   840 | D        | Noticed an anaconda
   840 | D        | Noticed a naga warrior
   840 | D        | Noticed a death knight
   840 | D        | Noticed Nergalle
   850 | D        | Killed an anaconda
   850 | D        | Identified the cursed ring "Saifank" {rElec rF+ EV-5 Int+2}
   850 | D        | Noticed an orc warlord
   855 | D        | Noticed a smoke demon
   857 | D        | Noticed an ice devil
   857 | D        | Slain by an orc warlord

Skill      XL: |  1  2  3  4  5  6  7  8  9 |
---------------+----------------------------+-----
Fighting       | 6 8 9 10 11 12 | 12.6
Armour         | 6 7 8 9 10 11 12 | 12.5
Shields        | 7 8 10 12 | 12.8
Long Blades    | 4 6 8 9 10 11 | 11.7
Dodging        | 2 4 6 8 9 |  9.3

Action                   |  1- 3 |  4- 6 |  7- 9 || total
-------------------------+-------+-------+-------++-------
Melee: Falchion          |    16 |     7 |       ||    23
       Long sword        |     5 |    11 |    46 ||    62
       Headbutt          |     2 |     6 |    22 ||    30
Invok: Slouch            |       |       |     2 ||     2
Armor: Scale mail        |    10 |     2 |     4 ||    16
       Chain mail        |       |       |     2 ||     2
Dodge: Dodged            |     3 |     5 |    22 ||    30
Block: Shield            |    11 |    16 |    30 ||    57
       Rpst.: Long sword |       |     1 |     9 ||    10
